 Dungeon Crawl Stone Soup version 0.29-a0-330-g52719c12eb (webtiles) character file.

Game seed: 9753870526205744066

1565484 Charly the Archmage (level 27, 155/273 HPs)
             Began as a Purple Draconian Warper on May 10, 2022.
             Was an Initiate of Yredelemnul.
             Escaped with the Orb
             ... and 3 runes on May 11, 2022!
             The game lasted 06:15:33 (96985 turns).

Charly the Archmage (Purple Draconian Warper)      Turns: 96985, Time: 06:15:33

Health: 155/273    AC: 25    Str: 26    XL:     27
Magic:  54/54      EV: 17    Int: 26    God:    Yredelemnul [......]
Gold:   3933       SH:  0    Dex: 13    Spells: 41/80 levels left

rFire   + + .      SeeInvis .   b - +7 eveningstar (flame)
rCold   . . .      Faith    .   (no shield)
rNeg    + + +      Spirit   .   (body armour unavailable)
rPois   +          Reflect  .   X - +2 hat
rElec   +          Harm     .   r - +2 cloak {rPois}
rCorr   .          Rampage  .   u - +1 pair of gloves "Nusyemn" {rElec}
Will    ++++.      Clarity  +   U - +0 pair of boots of Tibuni Wopn {Str+3 Slay+3}
Stlth   +.........              Z - amulet of magic regeneration
HPRegen 0.55/turn               T - ring of the Priest {rN+ AC+4 Str+5 Int+3 Stlth+}
MPRegen 0.74/turn               f - ring of Opaneruf {Fly rF++ rN+++ Dex-2}

@: flying
A: breathe power, AC +13, unfitting armour, cold-blooded, antennae 1, hooves 1,
agile 1, clarity, strong 1
0: Orb of Zot
}: 3/15 runes: decaying, silver, gossamer
a: Breathe Dispelling Energy, Renounce Religion, Recall Undead Harvest


You escaped.
You worshipped Yredelemnul.
Yredelemnul was exalted by your worship.
You visited 11 branches of the dungeon, and saw 54 of its levels.
You visited 1 ziggurat, and saw 8 of its levels.
You also visited: Trove, Sewer and Desolation.

You collected 8735 gold pieces.
You spent 4802 gold pieces at shops.

Inventory:

Hand Weapons
 a - a +9 vampiric demon whip
 b - a +7 eveningstar of flaming (weapon)
Missiles
 h - 3 throwing nets
Armour
 r - a +2 cloak of poison resistance (worn)
 u - the +1 pair of gloves "Nusyemn" (worn) {rElec}
   (You found it on level 5 of the Vaults)

   rElec:     It insulates you from electricity.
 U - the +0 pair of boots of Tibuni Wopn (worn) {Str+3 Slay+3}
   (You found it in the Desolation of Salt)

   Str:       It affects your strength (+3).
   Slay:      It affects your accuracy & damage with ranged weapons and melee
   (+3).
 X - a +2 hat (worn)
Jewellery
 c - a ring of protection from cold
 f - the ring of Opaneruf (right hand) {Fly rF++ rN+++ Dex-2}
   (You found it on level 8 of the Dungeon)

   [ring of flight]

   Dex:       It affects your dexterity (-2).
   rF:        It greatly protects you from fire.
   rN:        It renders you almost immune to negative energy.
   Fly:       It grants you flight.
 m - the ring "Jeizaf" {Will+ Str+6}
   (You found it in the Desolation of Salt)

   [ring of strength]

   Str:       It affects your strength (+6).
   Will:      It increases your willpower.
 p - the ring "Ciqauh" {*Corrode rPois Int+4 Dex+2}
   (You took it off an imperial myrmidon in the Desolation of Salt)

   [ring of poison resistance]

   Int:       It affects your intelligence (+4).
   Dex:       It affects your dexterity (+2).
   rPois:     It protects you from poison.
   *Corrode:  It may corrode you when you take damage.
 w - the ring of Ofyng {Wiz rElec Int+4 Slay+2}
   (You took it off a vampire knight on level 3 of the Depths)

   [ring of wizardry]

   It improves your spell success rate.
   Int:       It affects your intelligence (+4).
   Slay:      It affects your accuracy & damage with ranged weapons and melee
   (+2).
   rElec:     It insulates you from electricity.
 C - a ring of resist corrosion
 N - a ring of protection from cold
 T - the ring of the Priest (left hand) {rN+ AC+4 Str+5 Int+3 Stlth+}
   (You found it on level 2 of the Depths)

   [ring of protection]

   AC:        It affects your AC (+4).
   Str:       It affects your strength (+5).
   Int:       It affects your intelligence (+3).
   rN:        It protects you from negative energy.
   Stlth:     It makes you more stealthy.
 Z - an amulet of magic regeneration (around neck)
Wands
 d - a wand of acid (9)
 i - a wand of paralysis (5)
 s - a wand of mindburst (18)
 K - a wand of charming (15)
 P - a wand of digging (9)
 V - a wand of iceblast (28)
Scrolls
 e - 20 scrolls of teleportation
 l - 3 scrolls of silence
 n - 11 scrolls of fear
 y - a scroll of enchant armour
 D - 6 scrolls of summoning
 H - 11 scrolls of fog
 I - 7 scrolls of vulnerability
 L - 8 scrolls of immolation
 M - 2 scrolls of blinking
Potions
 g - 6 potions of might
 j - 6 potions of haste
 k - 8 potions of flight
 o - a potion of resistance
 q - 5 potions of invisibility
 t - 4 potions of brilliance
 v - 7 potions of mutation
 z - 5 potions of cancellation
 A - 9 potions of magic
 B - 8 potions of heal wounds
 E - 3 potions of lignification
 G - 25 potions of curing
 J - 5 potions of attraction
 O - a potion of ambrosia
 Q - 4 potions of berserk rage
Miscellaneous
 x - a box of beasts
 F - a tin of tremorstones (2/2)
 R - a phantom mirror
 S - a phial of floods
 W - a condenser vane
 Y - a lightning rod (4/4)


   Skills:
 O Level 27 Fighting
 - Level 16.0 Maces & Flails
 - Level 0.8 Throwing
 + Level 11.0 Dodging
 - Level 2.0 Stealth
 O Level 27 Spellcasting
 + Level 15.7 Translocations
 - Level 8.0 Ice Magic
 O Level 27 Invocations
 + Level 16.9 Evocations


You had 41 spell levels left.
You knew the following spells:

 Your Spells              Type           Power      Damage    Failure   Level
a - Ozocubu's Armour      Ice            67%        N/A       1%          3
b - Blink                 Tloc           100%       N/A       0%          2
d - Dispersal             Tloc           43%        N/A       1%          6
g - Gell's Gravitas       Tloc           87%        N/A       0%          3
i - Ignite Poison         Fire/Tmut/Pois 35%        N/A       2%          3
l - Lesser Beckoning      Tloc           87%        N/A       0%          3
m - Sublimation of Blood  Necr           35%        N/A       1%          2
p - Passage of Golubria   Tloc           87%        N/A       0%          4
q - Swiftness             Air            35%        N/A       2%          3
t - Teleport Other        Tloc           87%        N/A       0%          3
z - Manifold Assault      Tloc           87%        N/A       1%          5
P - Passwall              Tmut/Erth      29%        N/A       1%          2

Your spell library contained the following spells:

 Spells                   Type           Power      Damage    Failure   Level
 Animate Skeleton         Necr           70%        N/A       1%          1
 Freeze                   Ice            100%       1d11      1%          1
 Magic Dart               Conj           100%       1d8       1%          1
 Pain                     Necr           100%       1d9       1%          1
 Sandblast                Erth           70%        2d15      1%          1
 Shock                    Conj/Air       100%       1d9       1%          1
 Slow                     Hex            100%       N/A       1%          1
 Sting                    Tmut/Pois      100%       1d8       1%          1
 Call Imp                 Summ           35%        N/A       1%          2
 Corpse Rot               Necr/Air       70%        N/A       1%          2
 Ensorcelled Hibernation  Hex/Ice        100%       N/A       1%          2
 Poisonous Vapours        Pois/Air       70%        N/A       1%          2
 Static Discharge         Conj/Air       35%        N/A       1%          2
 Wereblood                Tmut           35%        N/A       1%          2
 Frozen Ramparts          Ice            100%       1d12      1%          3
 Portal Projectile        Hex/Tloc       100%       N/A       1%          3
 Hailstorm                Conj/Ice       54%        3d12      1%          4
 Ice Form                 Ice/Tmut       54%        N/A       1%          4
 Iskenderun's Mystic Bla  Conj/Tloc      66%        2d14      1%          4
 Summon Ice Beast         Ice/Summ       54%        N/A       1%          4
 Summon Forest            Summ/Tloc      33%        N/A       1%          5
 Confusing Touch          Hex            35%        N/A       2%          3
 Conjure Flame            Conj/Fire      35%        6-21      2%          3
 Dazzling Flash           Conj/Hex       70%        N/A       2%          3
 Mephitic Cloud           Conj/Pois/Air  35%        N/A       2%          3
 Spider Form              Tmut/Pois      35%        N/A       2%          3
 Stone Arrow              Conj/Erth      70%        3d11      2%          3
 Summon Guardian Golem    Hex/Summ       35%        N/A       2%          3
 Tukima's Dance           Hex            35%        N/A       2%          3
 Vampiric Draining        Necr           35%        2d8       2%          3
 Airstrike                Air            17%        N/A       8%          4
 Anguish                  Hex/Necr       17%        N/A       8%          4
 Animate Dead             Necr           17%        N/A       8%          4
 Cause Fear               Hex            17%        N/A       8%          4
 Dispel Undead            Necr           35%        3d15      8%          4
 Flame Wave               Conj/Fire      35%        2d8       8%          4
 Fulminant Prism          Conj/Hex       17%        3d11      8%          4
 Leda's Liquefaction      Hex/Erth       17%        N/A       8%          4
 Olgreb's Toxic Radiance  Pois           35%        N/A       8%          4
 Sticky Flame             Conj/Fire      35%        2d5       8%          4
 Freezing Cloud           Conj/Ice/Air   24%        6-21      8%          5
 Agony                    Necr           35%        N/A       22%         5
 Alistair's Intoxication  Tmut/Pois      23%        N/A       22%         5
 Blade Hands              Tmut           17%        N/A       22%         5
 Excruciating Wounds      Necr           17%        N/A       22%         5
 Fireball                 Conj/Fire      17%        3d9       22%         5
 Lee's Rapid Deconstruct  Erth           17%        3d12*     22%         5
 Lightning Bolt           Conj/Air       17%        1d32      22%         5
 Silence                  Hex/Air        17%        N/A       22%         5
 Summon Mana Viper        Hex/Summ       35%        N/A       22%         5
 Yara's Violent Unravell  Hex/Tmut       17%        3d8       22%         5
 Simulacrum               Ice/Necr       27%        N/A       24%         6
 Ozocubu's Refrigeration  Ice            33%        4d11      26%         7
 Eringya's Noxious Bog    Tmut/Pois      17%        N/A       77%         6
 Iron Shot                Conj/Erth      17%        9d4       77%         6
 Starburst                Conj/Fire      17%        6d6       77%         6
 Statue Form              Tmut/Erth      23%        N/A       77%         6
 Summon Cactus Giant      Summ           17%        N/A       77%         6
 Dragon Form              Tmut           17%        N/A       100%        7
 Enfeeble                 Hex            17%        N/A       100%        7
 Haunt                    Necr/Summ      17%        N/A       100%        7
 Orb of Destruction       Conj           17%        9d7       100%        7
 Spellforged Servitor     Conj/Summ      17%        N/A       100%        7
 Storm Form               Tmut/Air       17%        N/A       100%        7
 Ignition                 Fire           17%        3d7       100%        8
 Infestation              Necr           17%        N/A       100%        8
 Lehudib's Crystal Spear  Conj/Erth      17%        10d5      100%        8
 Maxwell's Capacitive Co  Air            17%        ∞         100%        8
 Dragon's Call            Summ           17%        N/A       100%        9
 Fire Storm               Conj/Fire      17%        8d5       100%        9
 Polar Vortex             Ice            33%        N/A       100%        9
 Animate Armour           Summ/Erth      Unusable   N/A       N/A         4

Dungeon Overview and Level Annotations

Branches:
Dungeon (15/15)            Temple (1/1) D:6            Lair (6/6) D:11
  Swamp (4/4) Lair:3       Spider (4/4) Lair:3        Slime (5/5) Lair:6
    Orc (2/2) D:11            Elf (3/3) Orc:2        Vaults (5/5) D:14
  Crypt (0/3) Vaults:3     Depths (4/4) D:15            Zot (5/5) Depths:4
  Sewer (visited)         Desolation (visited)

Altars:
Ashenzari
Cheibriados
Dithmenos
Elyvilon
Fedhas
Gozag
Hepliaklqana
Kikubaaqudgha
Makhleb
Nemelex Xobeh
Okawaru
Qazlal
Ru
Sif Muna
Trog
Uskayaw
Vehumet
Wu Jian
Xom
Yredelemnul
Zin
The Shining One
Jiyva
Lugonu

Shops:
D:2 :!::   D:5 *   D:6 :   D:8 (   Orc:2 [::*(*[[(   Elf:3 (   Vaults:4 ?
Vaults:5 *:!=   Depths:1 !   Depths:3 ?*[*

Portals:
Hell: Depths:1 Depths:2 Depths:3 Depths:4
Abyss: Lair:6 Depths:1* Depths:2 Depths:3
Pandemonium: Depths:2

Annotations:
D:3 1 runed translucent door, Crazy Yiuf; Samael12321's ghost, amateur OgEE
Depths:1 2 transporters, Guweatt's ghost, journeyman MiBe
Zot:1 36 runed doors


Innate Abilities, Weirdness & Mutations

You can breathe bolts of dispelling energy.
Your rich purple scales are hard. (AC +13)
You cannot fit into any form of body armour.
You are cold-blooded and may be slowed by cold attacks.
You have a pair of small antennae on your head.
You have large cloven feet.
You are agile. (Dex +2)
You possess an exceptional clarity of mind.
Your muscles are strong. (Str +2)


Message History

A soul eater comes into view.
Things that are here:
a +0 helmet; a +0 animal skin; a +0 spear
There is a stone staircase leading up here.
You fly upwards.
Level annotation: 1 runed translucent door, Crazy Yiuf; Samael12321's ghost, amateur OgEE
There is a stone staircase leading down here.
(D) Dungeon (T) Temple (L) Lair (S) Swamp (N) Spider Nest (M) Slime Pits (O) Orcish Mines (E) Elven Halls (V) Vaults (C) Crypt (U) Depths (H) Hell (Z) Zot
Where to? (Enter - D:1 @ (x,y), ? - help)
There is a stone staircase leading up here.
You fly upwards.
There is a stone staircase leading down here.
A neqoxec comes into view.
You barely miss the neqoxec. You closely miss the neqoxec.
The neqoxec hits you but does no damage.
You puncture the neqoxec! You burn the neqoxec.
Your tail-slap misses the neqoxec.
The neqoxec is moderately wounded.
The neqoxec hits you!
You closely miss the neqoxec.
The neqoxec is moderately wounded.
You impale the neqoxec!! You burn the neqoxec.
You kill the neqoxec!
(D) Dungeon (T) Temple (L) Lair (S) Swamp (N) Spider Nest (M) Slime Pits (O) Orcish Mines (E) Elven Halls (V) Vaults (C) Crypt (U) Depths (H) Hell (Z) Zot
Where to? (Enter - D:1 @ (x,y), ? - help)
There is a stone staircase leading up, spattered with blood here.
You fly upwards.
There is a stone staircase leading down here.
A reaper comes into view. It is wielding a +4 scythe.
There is an open door here.
There is a staircase leading out of the dungeon here.
The reaper completely misses you.
You have escaped!

..#####.#######....######......#
......#.#..........# #......#
##.##.#.#..#.##....# #.[....#
#..#.#....#.##....# ########
##.#.#.#.##.###.###
#...#.#.##.###'###
##..#.#.##.#..2..#
#..#.#.##.#.....#
##.#.#....#..@..#
#...####.#.....# #...# #.#.....#
#..># #.###'### ##### #.†...#
#######


You could see a reaper.

Vanquished Creatures
  A dread lich (Zot:5)
  3 ancient liches
  6 orbs of fire
  Mara (Depths:3)
  A royal mummy (Zig:7)
  the Lernaean hydra (Swamp:4)
  4 Killer Klowns
  5 curse toes
  6 caustic shrikes
  7 golden dragons
  3 electric golems
  12 tentacled monstrosities
  4 liches
  17 Orb Guardians
  6 titans
  6 quicksilver dragons
  4 deep elf blademasters (Elf:3)
  2 walking divine tomes (Depths:3)
  7 acid blobs
  A sphinx (Zig:6)
  2 deep elf master archers (Elf:3)
  An Executioner (D:7)
  Agnes (Spider:2)
  7 death cobs
  9 tengu reavers
  10 storm dragons
  Donald (Elf:1)
  9 azure jellies
  A thorn hunter (Swamp:4)
  9 shadow dragons
  A fenstrider witch (Swamp:3)
  4 fire giants
  7 rockslimes
  6 draconian monks
  A daeva (Zig:5)
  7 draconian knights
  2 deep elf sorcerers
  An emperor scorpion (Spider:4)
  7 frost giants
  3 draconian scorchers
  2 orc warlords
  5 draconian shifters
  A spriggan defender (Depths:3)
  5 ghost moths
  4 draconian stormcallers
  7 vault wardens
  5 deep elf elementalists
  19 very ugly things
  12 quicksilver oozes
  A broodmother (Spider:4)
  14 ironbound preservers
  7 ironbound thunderhulks
  9 stone giants
  The ghost of initializr the Bludgeoner, a journeyman GrFi of Hepliaklqana (Lair:6)
  10 draconian annihilators
  2 ophanim (Zig:5)
  7 deep elf demonologists
  4 vampire knights
  3 war gargoyles
  2 eleionomae
  10 green draconians
  An apis (Zig:5)
  9 black draconians
  4 entropy weavers
  6 dire elephants
  7 white draconians
  6 deep elf annihilators
  2 halazid warlocks (Desolation)
  2 bunyips (Swamp:3)
  The ghost of anonymous the Fighter, a journeyman MiGl of the Shining One (D:12)
  4 red draconians
  3 spark wasps (Depths:3)
  11 purple draconians
  A spectral acid blob (Slime:5)
  11 yellow draconians
  A green death (Depths:2)
  6 ettins
  2 iron golems (Zig:8)
  A fire dragon (shapeshifter) (Depths:4)
  3 deep elf death magi
  4 ragged hierophants (Desolation)
  A crystal guardian (Desolation)
  2 shambling mangroves
  14 yaktaur captains
  2 mummy priests (Zig:7)
  5 deep elf high priests (Vaults:5)
  2 jiangshi (Depths:1)
  5 servants of whispers (Desolation)
  5 great orbs of eyes
  4 fire dragons
  2 rakshasas
  6 boulder beetles
  22 vault guards
  2 ice dragons
  4 peacekeepers
  8 hydras
  16 centaur warriors
  2 spriggan air magi
  2 catoblepae
  2 ghost crabs
  A spriggan skeleton (Zig:7)
  Erica (D:8)
  2 radroaches
  8 ironbound frosthearts
  2 ogre magi
  A jorogumo (Spider:2)
  10 two-headed ogres
  23 dancing weapons
  9 deep troll shamans
  3 tengu warriors (Depths:2)
  12 deep troll earth magi
  6 alligators
  2 death scarabs
  A spectral ophan (Zig:5)
  6 death yaks
  A vampire mage (Depths:1)
  A thrashing horror (Lair:6)
  5 spriggan berserkers
  Nergalle (Lair:2)
  A soul eater (Depths:2)
  5 orc high priests
  A sun demon (Zot:1)
  2 skeletal warriors (D:15)
  15 deep elf knights
  Amaemon (Lair:1)
  5 pharaoh ants
  2 cherubim (Zig:5)
  2 iron trolls
  A goliath frog (Swamp:2)
  A sun moth (Spider:3)
  4 steelbarb worms
  7 wizards
  A spark wasp zombie (Depths:2)
  3 orb spiders
  A spriggan druid (Swamp:4)
  4 spriggan riders
  An obsidian statue (D:11)
  16 deep elf archers
  A flayed ghost (D:15)
  6 bog bodies
  10 lindwurms
  4 necromancers
  61 deep trolls
  4 swamp dragons
  11 ironbound convokers
  6 glowing orange brains
  28 deep elf zephyrmancers
  An iron dragon zombie (Depths:3)
  3 phantasmal warriors
  Pikel (D:4)
  17 harpies
  17 deep elf pyromancers
  A fire giant zombie (D:15)
  44 ugly things
  12 orc knights
  2 orc sorcerers (Orc:2)
  A tengu skeleton (Depths:3)
  A manticore (shapeshifter) (Vaults:5)
  3 cyclopes
  10 wolf spiders
  A mana viper (shapeshifter) (Vaults:5)
  A frost giant zombie (Depths:3)
  3 shining eyes
  2 manticores
  A shadow dragon skeleton (Depths:3)
  2 will-o-the-wisps (Swamp:1)
  A frost giant skeleton (Depths:3)
  34 moths of wrath
  A water nymph (Zig:1)
  4 guardian serpents (Desolation)
  10 vault sentinels
  A stone giant zombie (Vaults:4)
  5 black mambas
  9 cane toads
  4 torpor snails
  A molten gargoyle (Desolation)
  An eye of devastation (Slime:5)
  An orange demon (Lair:1)
  2 smoke demons
  6 gargoyles
  Maggie (D:7)
  4 demonic crawlers
  An efreet (D:12)
  24 yaktaurs
  A freezing wraith (D:15)
  9 komodo dragons
  3 rime drakes
  An ice devil (Depths:2)
  2 tengu conjurers
  A spark wasp simulacrum (Depths:2)
  A guardian mummy (Zig:7)
  A bloated husk (Swamp:4)
  A meliai (Spider:1)
  8 hornets
  A polar bear (Lair:3)
  6 trolls
  A sphinx simulacrum (Depths:2)
  16 tarantellas
  2 merfolk (Zig:1)
  A wolf spider simulacrum (D:15)
  28 saltlings (Desolation)
  A queen bee (Spider:1)
  An ettin zombie (D:15)
  A moth of wrath zombie (Zot:1)
  16 blink frogs
  5 tyrant leeches
  A spriggan zombie (D:15)
  A snapping turtle (shapeshifter) (Depths:2)
  11 dream sheep
  53 slime creatures
  14 culicivoras
  18 jumping spiders
  A large abomination (Elf:1)
  11 spriggans
  An air elemental (Elf:3)
  A shadow (D:12)
  2 ynoxinuls (Depths:2)
  11 water elementals
  8 wraiths
  2 wyverns
  2 neqoxecs
  2 fire elementals
  A human (shapeshifter) (Lair:6)
  26 yaks
  10 humans
  Eustachio (D:4)
  A chaos spawn (Depths:2)
  23 redbacks
  5 basilisks
  4 steam dragons
  7 vampire mosquitoes
  3 wargs
  9 swamp worms
  8 water moccasins
  3 acid dragons
  4 hell hounds (D:15)
  A human skeleton (Depths:2)
  2 ice beasts
  19 orc warriors
  6 swamp drakes
  A sky beast (D:8)
  A hornet zombie (D:3)
  9 ogres
  3 small abominations (Lair:6)
  17 wolves
  11 centaurs
  6 phantoms
  2 elf zombies
  4 kobold brigands
  16 bullfrogs
  A gnoll sergeant (D:7)
  6 earth elementals
  4 scorpions
  13 wights
  A wyvern skeleton (D:3)
  19 killer bees
  2 troll zombies (D:11)
  5 electric eels
  2 wolf zombies (Lair:1)
  A centaur zombie (D:3)
  3 hounds
  A jelly (D:4)
  A bullfrog skeleton (D:3)
  15 orc priests
  3 gnoll shamans
  4 iguanas
  Natasha (thrice) (D:2)
  14 orc wizards
  4 ogre zombies (D:11)
  8 mummies
  Robin (D:4)
  22 gnolls
  11 adders
  8 river rats (Sewer)
  2 white imps
  2 ufetubi
  A worm (D:3)
  4 dart slugs
  45 orcs
  11 ball pythons
  5 bats
  5 endoplasms
  4 giant cockroaches
  11 goblins
  6 hobgoblins
  4 quokkas
  5 frilled lizards
  2 goblin skeletons (D:11)
  5 goblin zombies (D:11)
  A hobgoblin skeleton (D:11)
  37 kobolds
  3 orc skeletons (D:11)
  8 orc zombies (D:11)
  22 rats
  A pillar of salt (Vaults:1)
1824 creatures vanquished.

Vanquished Creatures (collateral kills)
  A dread lich (Zot:5)
  2 orbs of fire
  Bai Suzhen (Swamp:4)
  3 caustic shrikes (Depths:4)
  A golden dragon (Zot:5)
  Jory (Depths:3)
  A bone dragon (Depths:4)
  Zenata (Vaults:1)
  An iron giant (Zig:8)
  Rupert (D:14)
  3 tentacled monstrosities
  2 titans (Vaults:5)
  A lich (Depths:3)
  2 quicksilver dragons
  12 Orb Guardians
  Frances (D:12)
  7 acid blobs (Slime:5)
  2 thorn hunters
  2 death cobs
  A sphinx (Depths:3)
  2 shadow dragons
  7 storm dragons
  2 draconian monks
  2 fire giants (Depths:3)
  5 rockslimes
  A fenstrider witch (Swamp:2)
  An imperial myrmidon (Desolation)
  7 azure jellies
  Aizul (Swamp:4)
  A frost giant (Depths:2)
  5 deep elf sorcerers
  9 vault wardens
  3 draconian scorchers
  An orc warlord (Vaults:3)
  2 emperor scorpions (Spider:4)
  6 iron dragons
  8 ironbound preservers
  2 deep elf elementalists (Elf:3)
  A draconian annihilator (Zot:3)
  A broodmother (Spider:4)
  A war gargoyle (Zig:8)
  7 very ugly things
  6 stone giants
  3 ironbound thunderhulks
  2 deep elf demonologists
  A green draconian (Zot:5)
  2 white draconians
  3 black draconians
  An entropy weaver (Spider:1)
  3 deep elf annihilators
  7 dire elephants
  A minotaur (D:12)
  A spark wasp (Spider:4)
  2 halazid warlocks (Desolation)
  2 yellow draconians
  2 bunyips (Swamp:4)
  4 red draconians
  3 purple draconians
  A crystal guardian (Vaults:4)
  An iron golem (Zig:8)
  4 deep elf death magi (Elf:3)
  2 ettins
  2 fire dragons (Depths:4)
  Josephine (D:14)
  3 deep elf high priests
  2 great orbs of eyes
  3 ragged hierophants (Desolation)
  5 yaktaur captains
  7 vault guards (Vaults:5)
  2 boulder beetles
  4 ogre magi
  A ghost crab (Swamp:3)
  9 hydras
  2 centaur warriors
  A death knight (D:15)
  A radroach (shapeshifter) (Vaults:4)
  3 spriggan air magi
  2 ironbound frosthearts
  6 two-headed ogres
  9 alligators
  17 death yaks
  A deep troll earth mage (Depths:3)
  6 dancing weapons
  A deep troll shaman (Depths:3)
  A thrashing horror (Lair:6)
  4 spriggan berserkers (Swamp:3)
  Urug (D:14)
  A hell knight (Depths:3)
  Sonja (Lair:2)
  2 fire crabs (Lair:6)
  A crystal echidna (Zig:8)
  3 iron trolls
  11 deep elf knights
  A spriggan rider (Swamp:3)
  8 swamp dragons
  22 deep trolls
  2 pharaoh ants
  3 skeletal warriors (D:12)
  4 steelbarb worms
  2 goliath frogs
  A wizard (Vaults:3)
  3 deep elf archers (Elf:3)
  A spriggan druid (Swamp:3)
  8 bog bodies
  5 orb spiders
  A phantasmal warrior (Vaults:5)
  A fire giant zombie (Vaults:4)
  8 ironbound convokers
  2 deep elf zephyrmancers
  A necromancer (Vaults:4)
  4 harpies
  5 orc knights
  A cyclops (D:12)
  A human zombie (Vaults:4)
  9 wolf spiders
  A will-o-the-wisp (Swamp:1)
  2 orc sorcerers (Orc:2)
  8 vault sentinels
  5 black mambas
  3 moths of wrath
  An eye of devastation (Depths:2)
  21 ugly things
  An elephant (Lair:6)
  A smoke demon (Lair:6)
  3 torpor snails
  A torpor snail (shapeshifter) (Vaults:5)
  3 cane toads
  2 gargoyles
  A spriggan zombie (D:15)
  An unseen horror (D:12)
  5 demonic crawlers
  3 rime drakes (Lair:6)
  An unseen horror (shapeshifter) (Lair:6)
  3 komodo dragons
  A tengu conjurer (Depths:2)
  14 yaktaurs
  2 ancient zymes (Lair:6)
  A troll (D:12)
  3 hornets
  2 polar bears
  5 meliai (Spider:1)
  4 tyrant leeches
  14 blink frogs
  7 saltlings (Desolation)
  5 tarantellas
  Grinder (D:6)
  6 dream sheep
  9 jumping spiders
  9 slime creatures
  An air elemental (Elf:2)
  2 culicivoras
  5 spriggans
  2 ynoxinuls (Lair:6)
  A vampire (D:9)
  18 yaks
  2 wraiths
  2 basilisks (Lair:6)
  A yak (shapeshifter) (Lair:6)
  5 vampire mosquitoes
  4 large abominations (Lair:6)
  18 redbacks
  8 humans
  6 swamp worms
  An acid dragon (D:10)
  4 water moccasins
  6 swamp drakes
  3 orc warriors
  2 small abominations (Lair:6)
  An ogre (D:7)
  A boggart (Vaults:3)
  A centaur (D:9)
  3 wolves
  A kobold brigand (D:9)
  A gnoll sergeant (D:10)
  4 killer bees (Spider:1)
  A howler monkey (D:10)
  2 electric eels
  3 orc wizards
  2 orcs
  2 kobolds
  8 bushes (Lair:3)
  5 pillars of salt (Vaults:1)
  A plant (Lair:6)
654 creatures vanquished.

Vanquished Creatures (others)
  A spectral jelly (Vaults:5)
  Asterion (Elf:1)
  2 spectral juggernauts
  A spectral orc (Elf:3)
  2 spectral tentacled monstrosities
  A Killer Klown zombie (Zot:2)
  A spectral dwarf (Spider:1)
  2 very ugly thing zombies (Depths:3)
  3 quicksilver dragon zombies
  A spriggan air mage (Swamp:3)
  7 spectral
  Orb Guardians (Zot:5)
  A spectral quicksilver ooze (Slime:1)
  A death scarab (Zig:7)
  7 storm dragon zombies
  A spectral ophan (Zig:5)
  A deep elf knight (Elf:2)
  An emperor scorpion zombie (Spider:4)
  An ogre zombie (Vaults:1)
  A deep elf archer (Elf:2)
  2 golden dragon zombies
  A spark wasp zombie (Depths:3)
  A spriggan rider (Swamp:3)
  An entropy weaver zombie (Vaults:4)
  A sphinx zombie (Depths:3)
  2 deep elf zephyrmancers
  5 ugly thing zombies
  An apis zombie (Zig:5)
  An iron dragon zombie (Vaults:5)
  A spectral great orb of eyes (Slime:5)
  2 stone giant zombies (Depths:3)
  3 draconian zombies (Zot:2)
  9 spectral slime creatures
  6 centaur zombies
  A spectral rakshasa (Depths:3)
  A white draconian zombie (Zot:1)
  A yellow draconian zombie (Zot:2)
  3 black draconian zombies
  8 redback zombies
  2 purple draconian zombies (Zot:2)
  2 green draconian zombies
  3 swamp worm zombies
  3 red draconian zombies
  2 iron troll zombies (Depths:3)
  2 orb spider zombies
  A steelbarb worm zombie (Spider:4)
  9 harpy zombies
  2 bloated husks (Swamp:1)
  2 hydra zombies (Swamp:4)
  2 demonic crawler zombies (Spider:1)
  2 ettin zombies
  4 tarantella zombies
  3 jumping spider zombies
  2 culicivora zombies
  An alligator zombie (Swamp:1)
  A fire dragon zombie (Depths:4)
  A guardian serpent zombie (Desolation)
  10 moth of wrath zombies
  A black mamba zombie (Lair:2)
  A boulder beetle zombie (D:14)
  34 elf zombies
  A spectral orange demon (Lair:1)
  19 deep troll zombies
  2 bog body zombies (Swamp:4)
  A spectral smoke demon (Lair:6)
  A hornet zombie (Swamp:3)
  5 swamp dragon zombies
  4 blink frog zombies
  A lindwurm zombie (Vaults:1)
  A dream sheep zombie (D:13)
  A vampire mosquito zombie (Swamp:3)
  A torpor snail zombie (Vaults:5)
  A rime drake zombie (Lair:6)
  A komodo dragon zombie (Lair:1)
  A spectral ynoxinul (Lair:6)
  9 yaktaur zombies
  2 water moccasin zombies
  A tengu zombie (D:14)
  10 spriggan zombies
  9 yak zombies
  5 wolf zombies
  5 bullfrog zombies
  24 human zombies
  A basilisk zombie (Lair:1)
  An orc priest (Orc:2)
  An orc wizard (D:7)
  6 killer bee zombies
  2 acid dragon zombies
  2 swamp drake zombies (Swamp:4)
  A steam dragon zombie (D:7)
  An electric eel zombie (Lair:3)
  2 orcs (D:7)
  5 kobold zombies
  16 orc zombies
  A bush (Lair:3)
  8 foxfires (Swamp:1)
  36 fungi
  2 pillars of salt (Vaults:1)
  84 plants
  5 withered plants (D:15)
455 creatures vanquished.

Grand Total: 2933 creatures vanquished

Notes
Turn   | Place    | Note
-------+----------+-------------------------------------------
     0 | D:1      | Charly the Draconian Warper began the quest for the Orb.
     0 | D:1      | Reached XP level 1. HP: 17/17 MP: 3/3
   112 | D:1      | Reached skill level 1 in Stealth
   324 | D:1      | Reached XP level 2. HP: 18/24 MP: 5/5
   392 | D:1      | Found a faded altar of an unknown god.
  1370 | D:2      | Noticed Natasha
  1429 | D:2      | Reached XP level 3. HP: 17/31 MP: 6/6
  1567 | D:2      | Learned a level 2 spell: Blink
  1856 | D:2      | Found Nihaos's Book Emporium.
  2394 | D:2      | Found Juxogij's Book Shoppe.
  2453 | D:2      | Found Zigided's Distillery.
  2462 | D:2      | Bought a potion of might for 56 gold pieces
  2462 | D:2      | Bought a potion of degeneration for 14 gold pieces
  2474 | D:2      | Bought a potion of heal wounds for 70 gold pieces
  2489 | D:2      | Killed Natasha
  2490 | D:2      | Reached XP level 4. HP: 22/38 MP: 7/7
  2754 | D:2      | Found Xypligakk's Book Emporium.
  3281 | D:2      | Found Juxogij's Book Shoppe.
  3296 | D:2      | Found Zigided's Distillery.
  3338 | D:2      | Noticed Natasha
  3402 | D:2      | Killed Natasha
  3403 | D:2      | Reached XP level 5. HP: 44/45 MP: 8/8
  3509 | D:2      | Found Xypligakk's Book Emporium.
  3701 | D:2      | Found Nihaos's Book Emporium.
  3701 | D:2      | Noticed Natasha
  3723 | D:2      | Killed Natasha
  4076 | D:2      | Learned a level 3 spell: Teleport Other
  4080 | D:2      | Learned a level 3 spell: Gell's Gravitas
  4114 | D:3      | Found a transporter.
  4128 | D:3      | Found a transporter.
  4266 | D:3      | Noticed Samael12321's ghost (amateur OgEE)
  4637 | D:3      | Reached XP level 6. HP: 53/53 MP: 9/9
  4870 | D:3      | Found a runed translucent door.
  4871 | D:3      | Noticed Crazy Yiuf
  4905 | D:3      | Found a sparkling altar of Nemelex Xobeh.
  5195 | D:2      | Bought a potion of haste for 140 gold pieces
  5328 | D:4      | You fall into a shaft and drop 3 floors!
  5333 | D:7      | Noticed a steam dragon
  5341 | D:7      | Reached skill level 5 in Fighting
  5369 | D:7      | Killed a steam dragon
  5399 | D:7      | Noticed a gargoyle
  5536 | D:6      | Noticed an ice beast
  5692 | D:7      | Your scales start taking on a rich purple colour.
  5692 | D:7      | Reached XP level 7. HP: 52/62 MP: 10/10
  5707 | D:7      | Reached skill level 5 in Translocations
  5765 | D:7      | Learned a level 3 spell: Lesser Beckoning
  5879 | D:7      | Found a shimmering altar of Xom.
  5910 | D:7      | Reached skill level 1 in Evocations
  6030 | D:7      | Noticed Maggie
  6046 | D:7      | Found a broken altar of Ashenzari.
  6506 | D:7      | Noticed a gargoyle
  6576 | D:7      | Killed a gargoyle
  6577 | D:7      | Reached XP level 8. HP: 62/70 MP: 6/12
  6615 | D:7      | -2hw -blink
  6685 | D:6      | Reached skill level 5 in Evocations
  6791 | D:6      | Noticed Grinder
  7243 | D:5      | Entered Level 5 of the Dungeon
  7263 | D:4      | Noticed Eustachio
  7463 | D:4      | Noticed Robin
  7473 | D:4      | Killed Robin
  7530 | D:5      | Found Bydeigg's Assorted Antiques.
  7555 | D:5      | Bought a scroll labelled KUETWIFIAC for 33 gold pieces
  7555 | D:5      | Bought a scroll labelled KUETWIFIAC for 33 gold pieces
  7560 | D:5      | Identified the +1 robe of Intercession {Str+4}
  7564 | D:5      | Found a glowing drain.
  7583 | Sewer    | Entered a sewer
  8770 | D:5      | Reached XP level 9. HP: 73/79 MP: 1/15
  8787 | D:5      | Reached skill level 5 in Spellcasting
  8883 | D:5      | Learned a level 5 spell: Manifold Assault
  9348 | D:4      | Reached skill level 5 in Maces & Flails
  9407 | D:4      | Killed Eustachio
  9802 | D:4      | Noticed Pikel
  9821 | D:4      | Killed Pikel
  9952 | D:5      | Bought a bubbling blue potion for 29 gold pieces
 10257 | D:5      | Found an opulent altar of Gozag.
 10397 | D:6      | Noticed a troll
 10974 | D:6      | Found a staircase to the Ecumenical Temple.
 11038 | Temple   | Entered the Ecumenical Temple
 11102 | Temple   | Became a worshipper of Yredelemnul the Dark
 11124 | D:6      | Killed a troll
 11124 | D:6      | Reached * piety under Yredelemnul
 11125 | D:6      | Reached XP level 10. HP: 68/86 MP: 17/17
 11226 | D:6      | Paralysed by Grinder for 5 turns
 11231 | D:6      | Killed Grinder
 11356 | D:6      | Found Uniubasu's Book Emporium.
 11651 | D:7      | Found a stormy altar of Qazlal.
 11918 | D:7      | Killed Maggie
 12115 | D:7      | Noticed a gargoyle
 12493 | D:8      | Found a snail-covered altar of Cheibriados.
 12515 | D:8      | Reached skill level 10 in Maces & Flails
 12670 | D:8      | Found an ornate altar of the Wu Jian Council.
 12762 | D:8      | Noticed Erica
 12808 | D:8      | Found a hazy altar of Hepliaklqana.
 12808 | D:8      | Found a shimmering blue altar of Sif Muna.
 12826 | D:8      | Identified the ring of Opaneruf {Fly rF++ rN+++ Dex-2}
 13014 | D:8      | Found Cifroduu's Weapon Boutique.
 14152 | D:5      | Bought a jewelled whip for 247 gold pieces
 14152 | D:5      | Identified the +1 whip "Arbiter" {vamp, rF+ rCorr Int-5
                  | SInv} (You bought it in a shop on level 5 of the Dungeon)
 14449 | D:9      | Reached ** piety under Yredelemnul
 14465 | D:9      | Reached skill level 1 in Invocations
 14465 | D:9      | Reached *** piety under Yredelemnul
 14594 | D:9      | Reached **** piety under Yredelemnul
 14811 | D:9      | Reached skill level 5 in Invocations
 15001 | D:9      | Reached ***** piety under Yredelemnul
 15676 | D:10     | Entered Level 10 of the Dungeon
 15712 | D:10     | Reached XP level 11. HP: 72/92 MP: 5/18
 15733 | D:10     | Reached skill level 10 in Invocations
 15960 | D:10     | Found a blossoming altar of Fedhas.
 16788 | D:10     | Noticed a two-headed ogre
 16810 | D:10     | Killed a two-headed ogre
 17645 | D:5      | Bought a sharpened brass wand for 132 gold pieces
 17803 | D:11     | Found a staircase to the Orcish Mines.
 18280 | D:11     | Noticed an obsidian statue
 19031 | D:11     | Found a staircase to the Lair.
 19581 | D:2      | Bought a potion of invisibility for 112 gold pieces
 19767 | Lair:1   | Entered Level 1 of the Lair of Beasts
 20076 | D:11     | Found a staircase to the Orcish Mines.
 20916 | D:11     | Reached skill level 10 in Fighting
 21070 | D:11     | Found a staircase to the Orcish Mines.
 21204 | D:11     | Found a staircase to the Lair.
 21573 | Lair:1   | Reached XP level 12. HP: 72/106 MP: 21/21
 21979 | Lair:1   | Noticed Amaemon
 22014 | Lair:1   | Killed Amaemon
 22385 | Lair:1   | Noticed a six-headed hydra
 22391 | Lair:1   | Killed a six-headed hydra
 23103 | Lair:1   | Reached skill level 15 in Invocations
 23577 | Lair:2   | Noticed a five-headed hydra
 23638 | Lair:2   | Noticed Nergalle
 23793 | Lair:2   | Killed a five-headed hydra
 23930 | Lair:2   | Noticed a six-headed hydra
 23934 | Lair:2   | Noticed Sonja
 23940 | Lair:2   | Killed a six-headed hydra
 23943 | Lair:2   | Killed Sonja
 24456 | Lair:2   | Noticed a death yak
 24461 | Lair:2   | Noticed a death yak
 24470 | Lair:2   | Killed a death yak
 24480 | Lair:2   | Killed a death yak
 24930 | Lair:2   | Found a transporter.
 24932 | Lair:2   | Found a transporter.
 24933 | Lair:2   | Noticed a boulder beetle
 24952 | Lair:2   | Killed a boulder beetle
 25055 | Lair:3   | Reached skill level 10 in Translocations
 25480 | Lair:3   | Reached XP level 13. HP: 75/113 MP: 24/24
 25522 | Lair:3   | Found a staircase to the Swamp.
 25886 | Lair:3   | Found a hole to the Spider Nest.
 28030 | Lair:5   | Found a basalt altar of Yredelemnul.
 28384 | Lair:5   | Identified the +0 robe "Gihuhafo" {Int+2 Dex+2 Archmagi}
 28458 | Lair:6   | Entered Level 6 of the Lair of Beasts
 28587 | Lair:6   | Noticed initializr's ghost (journeyman GrFi)
 28589 | Lair:6   | Found a transporter.
 28589 | Lair:6   | Found a transporter.
 28749 | Lair:6   | Reached skill level 10 in Spellcasting
 28759 | Lair:6   | Reached ****** piety under Yredelemnul
 28793 | Lair:6   | Reached XP level 14. HP: 93/125 MP: 21/28
 28909 | Lair:6   | Found a corrupted altar of Lugonu.
 28909 | Lair:6   | Found a one-way gate to the infinite horrors of the Abyss.
 29099 | Lair:6   | Found a viscous altar of Jiyva.
 29099 | Lair:6   | Found a staircase to the Slime Pits.
 29291 | Lair:6   | Killed initializr's ghost
 29310 | Lair:6   | Identified the +1 executioner's axe "Fiavyvve" {pain,
                  | Will++ Stlth+}
 30228 | Lair:2   | Found a transporter.
 30230 | Lair:2   | Found a transporter.
 30439 | Lair:2   | Killed Nergalle
 30936 | D:2      | Bought Ozocubu's Autobiography for 336 gold pieces
 30940 | D:2      | Learned a level 3 spell: Ozocubu's Armour
 30949 | D:2      | Bought a potion of might for 56 gold pieces
 30949 | D:2      | Bought a potion of might for 56 gold pieces
 31026 | D:5      | Bought a scroll of teleportation for 99 gold pieces
 31171 | D:7      | Reached skill level 1 in Ice Magic
 31347 | D:8      | Killed Erica
 31773 | D:12     | Found a runed translucent gate.
 31773 | D:12     | Found a runed translucent gate.
 31776 | D:12     | Found a runed translucent gate.
 32316 | D:12     | Noticed Frances
 32327 | D:12     | Killed Frances
 32328 | D:12     | Reached skill level 5 in Ice Magic
 32628 | D:12     | Noticed anonymous's ghost (journeyman MiGl)
 32669 | D:12     | Killed anonymous's ghost
 32756 | D:12     | Reached XP level 15. HP: 118/138 MP: 17/31
 32994 | D:12     | Identified the +3 long sword of the Real Monster {vorpal,
                  | Str+4 Int+2}
 33688 | D:13     | Reached skill level 15 in Fighting
 34153 | D:14     | Noticed Rupert
 34153 | D:14     | Noticed Urug
 34153 | D:14     | Found a gate to the Vaults.
 34430 | D:14     | Killed Urug
 34466 | D:14     | Noticed Josephine
 34471 | D:14     | Killed Josephine
 34574 | D:14     | Reached skill level 15 in Spellcasting
 34666 | D:14     | Killed Rupert
 34848 | D:15     | Entered Level 15 of the Dungeon
 34848 | D:15     | Found a staircase to the Depths.
 35579 | D:15     | Reached XP level 16. HP: 125/151 MP: 4/35
 36366 | Orc:1    | Entered Level 1 of the Orcish Mines
 36563 | Orc:2    | Entered Level 2 of the Orcish Mines
 36703 | Orc:2    | Found Omunnif's General Store.
 36707 | Orc:2    | Found Vadear's Book Shop.
 36747 | Orc:2    | Bought a scroll of fear for 52 gold pieces
 36747 | Orc:2    | Bought a scroll of teleportation for 45 gold pieces
 37216 | Orc:2    | Found Numep's Armour Emporium.
 37227 | Orc:2    | Reached skill level 10 in Evocations
 37294 | Orc:2    | Found Pistrue's Weapon Shoppe.
 37301 | Orc:2    | Found a staircase to the Elven Halls.
 37322 | Orc:2    | Found Unufioqo's Armour Emporium.
 37511 | Orc:2    | Found Jourch's Antique Weapon Emporium.
 37601 | Orc:2    | Found Atuynweugg's Armour Emporium.
 37602 | Orc:2    | Found Atse's Assorted Antiques.
 37706 | Orc:2    | Found Suhowomu's Book Shop.
 37734 | Orc:2    | Bought a scroll of fog for 58 gold pieces
 37772 | Orc:2    | Bought a glowing gilded ring for 145 gold pieces
 37772 | Orc:2    | Bought a bone ring for 145 gold pieces
 37974 | D:2      | Bought a There-And-Back Book for 390 gold pieces
 37981 | D:2      | Learned a level 6 spell: Dispersal
 38186 | Swamp:1  | Entered Level 1 of the Swamp
 38717 | Swamp:1  | Noticed Jorgrun
 38730 | Swamp:1  | Killed Jorgrun
 38730 | Swamp:1  | Enslaved Jorgrun
 39052 | Swamp:2  | Noticed a thorn hunter
 39073 | Swamp:2  | Killed a thorn hunter
 40974 | Swamp:3  | Reached XP level 17. HP: 72/159 MP: 4/37
 41711 | Swamp:4  | Entered Level 4 of the Swamp
 41940 | Swamp:3  | +7
 42395 | Swamp:4  | Noticed Aizul
 42410 | Swamp:4  | Killed Aizul
 42422 | Swamp:4  | Noticed Bai Suzhen
 42502 | Swamp:4  | Killed Bai Suzhen
 42529 | Swamp:4  | Noticed the 27-headed Lernaean hydra
 43004 | Swamp:4  | Killed the 27-headed Lernaean hydra
 43206 | Swamp:4  | Got a decaying rune of Zot
 43538 | Spider:1 | Entered Level 1 of the Spider Nest
 43618 | Spider:1 | Your ally Jorgrun died
 44013 | Spider:1 | You fall into a shaft and drop 1 floor!
 44017 | Spider:2 | 8ac
 44174 | Spider:2 | Noticed Agnes
 44194 | Spider:2 | Killed Agnes
 44393 | Spider:2 | Your ally Agnes died
 44548 | Spider:2 | Reached XP level 18. HP: 149/170 MP: 7/40
 47238 | Spider:4 | Entered Level 4 of the Spider Nest
 48552 | Spider:4 | Identified the +2 pair of boots of the Vaults {*Corrode
                  | rN++ Int+2 Stlth+}
 48663 | Spider:4 | Got a gossamer rune of Zot
 49099 | Orc:2    | Bought a wand of paralysis (3) for 75 gold pieces
 49307 | D:2      | Bought a potion of ambrosia for 112 gold pieces
 49384 | D:5      | Bought a wand of iceblast (5) for 132 gold pieces
 49528 | Vaults:1 | Entered Level 1 of the Vaults
 49705 | Vaults:1 | +8ac
 49750 | Vaults:1 | Found a crumbling gateway.
 49812 | Desolati | Entered the Desolation of Salt
 50017 | Desolati | Reached XP level 19. HP: 144/181 MP: 6/42
 50268 | Desolati | Got the Catalogue of the Six Curses
 50274 | Desolati | Identified the +0 pair of boots of Tibuni Wopn {Str+3
                  | Slay+3}
 50275 | Desolati | Identified the +7 arbalest of the Pariah {freeze, rF- Will-
                  | Str+8}
 50277 | Desolati | Identified the ring "Jeizaf" {Will+ Str+6}
 50345 | Desolati | Identified the +10 scimitar of Integrity {flame, rF++ rN++
                  | Str-2}
 50345 | Desolati | Identified the ring "Ciqauh" {*Corrode rPois Int+4 Dex+2}
 50525 | Desolati | Identified the +7 arbalest of Meamab {speed, SInv}
 50537 | Desolati | Identified the +10 flail "Wieduhiost" {flame, rF+ rC++
                  | MP+9}
 51405 | Desolati | Got the Catalogue of Curses
 51408 | Desolati | Got the Grimoire of Enchantment and Ice
 51973 | Vaults:1 | Noticed Zenata
 52451 | Vaults:1 | Killed Zenata
 52736 | Vaults:1 | Your ally Zenata died
 54801 | Vaults:2 | Reached XP level 20. HP: 191/193 MP: 29/44
 54999 | Vaults:3 | 13 +8
 55314 | Elf:1    | Entered Level 1 of the Elven Halls
 55667 | Elf:1    | Reached skill level 5 in Dodging
 55887 | Elf:1    | Noticed Asterion
 56579 | Elf:1    | Found an ancient bone altar of Kikubaaqudgha.
 56658 | Elf:1    | Noticed Donald
 56675 | Elf:1    | Killed Donald
 56698 | Elf:1    | Killed Asterion
 56877 | Elf:1    | Got the Grimoire of Darkness
 57698 | Elf:2    | Noticed Nikola
 57731 | Elf:2    | Killed Nikola
 57731 | Elf:2    | Enslaved Nikola
 57732 | Elf:2    | Paralysed by an air elemental for 1 turns
 57735 | Elf:2    | Paralysed by an air elemental for 1 turns
 58066 | Elf:2    | Found a runed translucent gate.
 58067 | Elf:2    | Found a runed translucent gate.
 58067 | Elf:2    | Found a runed translucent gate.
 58407 | Elf:2    | Noticed Saint Roka
 58442 | Elf:2    | Killed Saint Roka
 58442 | Elf:2    | Enslaved Saint Roka
 59065 | Elf:3    | Entered Level 3 of the Elven Halls
 59709 | Elf:3    | Found Kexoch's Weapon Shop.
 59862 | Elf:3    | Your ally Saint Roka died
 60193 | Elf:3    | Found a huge runed translucent gate.
 60193 | Elf:3    | Found a huge runed translucent gate.
 60193 | Elf:3    | Found a huge runed translucent gate.
 60193 | Elf:3    | Found a huge runed translucent gate.
 60195 | Elf:3    | Found a huge runed translucent gate.
 60196 | Elf:3    | Found a huge runed translucent gate.
 60196 | Elf:3    | Found a huge runed translucent gate.
 60196 | Elf:3    | Found a huge runed translucent gate.
 60238 | Elf:3    | Identified the +4 double sword of Vawuocit {elec, Str+6}
 60239 | Elf:3    | Identified the +2 double sword of the Scuffed God {venom,
                  | rC+ rN+ Stlth+}
 60724 | Elf:3    | Reached XP level 21. HP: 198/204 MP: 30/46
 60749 | Elf:3    | Identified the +5 shortbow "Xarresub" {speed, Contam Fly
                  | rN+ Str+3 Stlth+}
 60792 | Elf:3    | Identified the +1 fire dragon scales "Hallui" {rF++ rC-
                  | rN++}
 60801 | Elf:3    | Identified the ring "Puqukhlo" {Will+ Stlth+}
 62148 | Elf:3    | Learned a level 3 spell: Ignite Poison
 62151 | Elf:3    | Learned a level 2 spell: Sublimation of Blood
 62727 | Vaults:3 | Found a staircase to the Crypt.
 62727 | Vaults:3 | Found a basalt altar of Yredelemnul.
 62728 | Vaults:3 | Found an ancient bone altar of Kikubaaqudgha.
 65360 | Vaults:4 | Found Ceaschy's Magic Scroll Emporium.
 65368 | Vaults:4 | Bought a scroll of fear for 49 gold pieces
 65368 | Vaults:4 | Bought a scroll of silence for 105 gold pieces
 65368 | Vaults:4 | Bought a scroll of teleportation for 42 gold pieces
 66080 | Vaults:4 | Reached XP level 22. HP: 169/217 MP: 7/49
 66867 | Depths:1 | Entered Level 1 of the Depths
 66867 | Depths:1 | Found a blossoming altar of Fedhas.
 66880 | Depths:1 | Paralysed by a Zot trap for 3 turns
 67965 | Depths:1 | Found a gateway to Hell.
 68073 | Depths:1 | Reached skill level 15 in Maces & Flails
 68136 | Depths:1 | Identified the +6 mace of Evolution {vorpal, Will++}
 68223 | Depths:1 | Found a transporter.
 68325 | Depths:1 | Noticed Guweatt's ghost (journeyman MiBe)
 68325 | Depths:1 | Noticed a dread lich
 68445 | Depths:1 | Found Zosharul's Distillery.
 68454 | Depths:1 | Bought a potion of curing for 48 gold pieces
 68454 | Depths:1 | Bought a potion of curing for 48 gold pieces
 68454 | Depths:1 | Bought a potion of haste for 160 gold pieces
 68454 | Depths:1 | Bought 2 potions of curing for 96 gold pieces
 68454 | Depths:1 | Bought a potion of magic for 128 gold pieces
 68454 | Depths:1 | Bought a potion of might for 64 gold pieces
 68493 | Depths:1 | Found a transporter.
 68873 | Depths:2 | Found a transporter.
 68875 | Depths:2 | Found a transporter.
 68880 | Depths:2 | Found a viscous altar of Jiyva.
 69909 | Depths:2 | Found a portal to a secret trove of treasure.
 69922 | Depths:2 | You paid a toll of 3 potions of resistance to enter a
                  | treasure trove
 69923 | Trove    | Entered a treasure trove
 70042 | Trove    | Reached XP level 23. HP: 224/224 MP: 50/50
 70244 | Depths:2 | Found a one-way gate leading to the halls of Pandemonium.
 70636 | Depths:2 | Identified the ring of the Priest {rN+ AC+4 Str+5 Int+3
                  | Stlth+}
 70759 | Depths:3 | Noticed Mara
 70809 | Depths:3 | Found Ariosouz's Hallowed Reliquary.
 70809 | Depths:3 | Found a glowing silver altar of Zin.
 70814 | Depths:3 | Bought a potion of curing for 45 gold pieces
 70814 | Depths:3 | Bought a potion of heal wounds for 75 gold pieces
 70924 | Depths:3 | HP: 8/224 [something/bolt of cold (63)]
 71861 | Depths:3 | Killed Mara
 72096 | Depths:3 | Reached XP level 24. HP: 233/233 MP: 12/50
 72280 | Depths:3 | Found Gohuxt's Magic Scroll Shoppe.
 72354 | Depths:3 | Found Jiesoos's Assorted Antiques.
 72356 | Depths:3 | Found Tatoyn's Antique Armour Shoppe.
 72360 | Depths:3 | Bought a scroll of teleportation for 36 gold pieces
 72360 | Depths:3 | Bought a scroll of teleportation for 36 gold pieces
 72360 | Depths:3 | Bought a scroll of immolation for 42 gold pieces
 72360 | Depths:3 | Bought a scroll of vulnerability for 90 gold pieces
 72360 | Depths:3 | Bought a scroll of vulnerability for 90 gold pieces
 72362 | Depths:3 | Bought a potion of curing for 96 gold pieces
 72362 | Depths:3 | Bought a scroll of teleportation for 96 gold pieces
 72409 | Depths:3 | Reached XP level 25. HP: 240/240 MP: 50/50
 72501 | Depths:3 | Found a one-way gateway to a ziggurat.
 72854 | Depths:3 | Noticed Jory
 72873 | Depths:3 | Killed Jory
 72986 | Depths:3 | Identified the ring of Ofyng {Wiz rElec Int+4 Slay+2}
 72995 | Depths:3 | Reached skill level 15 in Evocations
 73145 | Depths:3 | Noticed a juggernaut
 73163 | Depths:3 | Killed a juggernaut
 73163 | Depths:3 | Enslaved a juggernaut
 73169 | Depths:3 | Identified the +8 dire flail "Impslayer" {vorpal, rF- rC++
                  | Dex+6}
 74049 | Depths:3 | Learned a level 2 spell: Passwall
 74595 | Depths:3 | Found Ariosouz's Hallowed Reliquary.
 74597 | Depths:3 | Found a glowing silver altar of Zin.
 74775 | Depths:3 | Found Gohuxt's Magic Scroll Shoppe.
 74776 | Depths:3 | Found Jiesoos's Assorted Antiques.
 74777 | Depths:3 | Found Tatoyn's Antique Armour Shoppe.
 75629 | Depths:4 | Entered Level 4 of the Depths
 76344 | Depths:4 | Found a gate to the Realm of Zot.
 76822 | Depths:4 | Noticed a juggernaut
 76831 | Depths:4 | Killed a juggernaut
 76831 | Depths:4 | Enslaved a juggernaut
 76962 | Depths:4 | Learned a level 4 spell: Passage of Golubria
 76978 | Depths:4 | Identified the +7 morningstar of Righteous Fury {flame,
                  | rElec Str-5 Dex+3}
 78298 | Depths:4 | Identified the +8 flail "Veshreh" {pain, +Blink Dex+4}
 78408 | Zig:1    | Entered Level 1 of a ziggurat
 78464 | Zig:2    | Entered Level 2 of a ziggurat
 78486 | Zig:3    | Entered Level 3 of a ziggurat
 78573 | Zig:4    | Entered Level 4 of a ziggurat
 78575 | Zig:4    | Found the +4 Cigotuvi's embrace {rMiasma Drain rN+}
 78607 | Zig:5    | Entered Level 5 of a ziggurat
 78926 | Zig:5    | Got the Catalogue of Shifting Sinister Rites
 78933 | Zig:6    | Entered Level 6 of a ziggurat
 78937 | Zig:6    | Noticed an ancient lich
 78937 | Zig:6    | Found the +5 robe of Misfortune {Harm *Corrode *Slow EV+5}
 78949 | Zig:6    | Killed an ancient lich
 78956 | Zig:6    | Got the Catalogue of Mutagenic Contamination
 79111 | Zig:7    | Entered Level 7 of a ziggurat
 79116 | Zig:7    | Noticed a royal mummy
 79139 | Zig:7    | Killed a royal mummy
 79222 | Zig:7    | Identified the +10 spear "Ruupli" {flame, rC+ Str+3 Int+2}
 79237 | Zig:8    | Entered Level 8 of a ziggurat
 79464 | Zig:8    | Reached XP level 26. HP: 110/254 MP: 30/51
 80018 | Slime:1  | Entered Level 1 of the Pits of Slime
 80024 | Slime:1  | Reached XP level 27. HP: 260/260 MP: 28/51
 80754 | Slime:5  | Entered Level 5 of the Pits of Slime
 81102 | Slime:5  | Gained mutation: You are dopey. (Int -2) [a shining eye]
 81109 | Slime:5  | Noticed the Royal Jelly
 81135 | Slime:5  | Killed the Royal Jelly
 81135 | Slime:5  | Enslaved the Royal Jelly
 81536 | Slime:5  | Found a viscous altar of Jiyva.
 81537 | Slime:5  | Found the ring of the Mage {Wiz Archmagi}
 81539 | Slime:5  | Found the ring of the Hare {EV+8}
 82054 | Vaults:1 | Lost mutation: You are dopey. (Int -2) [potion of mutation]
 82054 | Vaults:1 | Gained mutation: You are dopey. (Int -2) [potion of
                  | mutation]
 82054 | Vaults:1 | Gained mutation: You possess an exceptional clarity of
                  | mind. [potion of mutation]
 82055 | Vaults:1 | Lost mutation: You are dopey. (Int -2) [potion of mutation]
 82055 | Vaults:1 | Lost mutation: You possess an exceptional clarity of mind.
                  | [potion of mutation]
 82055 | Vaults:1 | Gained mutation: Your spells are a little harder to cast,
                  | but a little more powerful. [potion of mutation]
 82055 | Vaults:1 | Gained mutation: You have a pair of small horns on your
                  | head. [potion of mutation]
 82055 | Vaults:1 | Gained mutation: Your flesh is heat resistant. (rF+)
                  | [potion of mutation]
 82202 | Vaults:5 | Entered Level 5 of the Vaults
 82215 | Vaults:5 | Your ally the Royal Jelly died
 82757 | Vaults:5 | Identified the +1 pair of gloves "Nusyemn" {rElec}
 83067 | Vaults:5 | Identified the +1 hand axe "Urph" {vorpal, rF- Str+3 Int+4
                  | SInv}
 83088 | Vaults:5 | Identified the ring "Abyux Weeg" {Fire +Blink rPois Stlth-}
 83392 | Vaults:5 | Noticed an ancient lich
 83411 | Vaults:5 | Killed an ancient lich
 83690 | Vaults:5 | Found Lyxit's Book Shop.
 83972 | Vaults:5 | Identified the +3 scimitar of Joyful Slaughter {vorpal, rC+
                  | Dex+2 SInv}
 84457 | Vaults:5 | Found Sawn's General Store.
 84463 | Vaults:5 | Bought a scroll of enchant weapon for 112 gold pieces
 84463 | Vaults:5 | Bought a potion of brilliance for 60 gold pieces
 84463 | Vaults:5 | Bought a throwing net for 45 gold pieces
 84609 | Vaults:5 | Found Yddash's Distillery.
 84617 | Vaults:5 | Learned a level 3 spell: Swiftness
 84617 | Vaults:5 | Found Qihin's Jewellery Shoppe.
 84621 | Vaults:5 | Bought a potion of haste for 160 gold pieces
 84621 | Vaults:5 | Bought a potion of curing for 48 gold pieces
 84621 | Vaults:5 | Bought a potion of might for 64 gold pieces
 84621 | Vaults:5 | Bought a potion of invisibility for 128 gold pieces
 84621 | Vaults:5 | Bought a potion of heal wounds for 80 gold pieces
 84621 | Vaults:5 | Bought a potion of might for 64 gold pieces
 84621 | Vaults:5 | Bought a potion of invisibility for 128 gold pieces
 84849 | Vaults:5 | Got a silver rune of Zot
 85251 | Zot:1    | Entered Level 1 of the Realm of Zot
 85257 | Zot:1    | Found a huge runed gate.
 85260 | Zot:1    | Found a huge runed gate.
 85260 | Zot:1    | Found a huge runed gate.
 85261 | Zot:1    | Found a huge runed gate.
 85428 | Zot:1    | Found a huge runed gate.
 85428 | Zot:1    | Found a huge runed gate.
 85428 | Zot:1    | Found a huge runed gate.
 85428 | Zot:1    | Found a huge runed gate.
 85429 | Zot:1    | Found a huge runed gate.
 85429 | Zot:1    | Found a huge runed gate.
 85429 | Zot:1    | Found a huge runed gate.
 85430 | Zot:1    | Found a huge runed gate.
 85430 | Zot:1    | Found a huge runed gate.
 85430 | Zot:1    | Found a huge runed gate.
 86515 | Zot:1    | Found a huge runed gate.
 86515 | Zot:1    | Found a huge runed gate.
 86515 | Zot:1    | Found a huge runed gate.
 86516 | Zot:1    | Found a huge runed gate.
 86519 | Zot:1    | Found a huge runed gate.
 86533 | Zot:1    | Found a huge runed gate.
 86533 | Zot:1    | Found a huge runed gate.
 86533 | Zot:1    | Found a huge runed gate.
 86533 | Zot:1    | Found a huge runed gate.
 86533 | Zot:1    | Found a huge runed gate.
 86542 | Zot:1    | Found a huge runed gate.
 86543 | Zot:1    | Found a huge runed gate.
 86544 | Zot:1    | Found a huge runed gate.
 86545 | Zot:1    | Found a huge runed gate.
 86553 | Zot:1    | Found a huge runed gate.
 86553 | Zot:1    | Found a huge runed gate.
 86553 | Zot:1    | Found a huge runed gate.
 86553 | Zot:1    | Found a huge runed gate.
 86553 | Zot:1    | Found a huge runed gate.
 86553 | Zot:1    | Found a huge runed gate.
 86554 | Zot:1    | Found a huge runed gate.
 86555 | Zot:1    | Found a huge runed gate.
 87681 | Zot:2    | Noticed an orb of fire
 87723 | Zot:2    | Gained mutation: Your magical capacity is low. (-10% MP)
                  | [an orb of fire]
 87724 | Zot:2    | Gained mutation: Your body sometimes deteriorates upon
                  | taking damage. [an orb of fire]
 87742 | Zot:2    | Killed an orb of fire
 90911 | Zot:3    | Reached skill level 27 in Spellcasting
 93084 | Zot:4    | Identified the +1 robe of Neona {rPois rC+ MP+9}
 93176 | Zot:4    | Noticed an orb of fire
 93193 | Zot:4    | Gained mutation: You are clumsy. (Dex -2) [an orb of fire]
 93198 | Zot:4    | Killed an orb of fire
 93411 | Zot:5    | Entered Level 5 of the Realm of Zot
 93420 | Zot:5    | Reached skill level 27 in Fighting
 94159 | Zot:5    | Reached skill level 27 in Invocations
 94631 | Zot:5    | Identified the +5 longbow "Soiliwest" {speed, Drain rF++
                  | rCorr Stlth+}
 94639 | Zot:5    | Noticed a dread lich
 94651 | Zot:5    | Noticed an orb of fire
 94651 | Zot:5    | Killed a dread lich
 94671 | Zot:5    | Killed an orb of fire
 94705 | Zot:5    | Noticed an orb of fire
 94725 | Zot:5    | Killed an orb of fire
 94729 | Zot:5    | Noticed an ancient lich
 94739 | Zot:5    | Killed an ancient lich
 94748 | Zot:5    | Noticed an orb of fire
 95645 | Zot:5    | Gained mutation: You do not regenerate when monsters are
                  | visible. [an orb of fire]
 95649 | Zot:5    | Killed an orb of fire
 95650 | Zot:5    | Lost mutation: You are clumsy. (Dex -2) [potion of
                  | mutation]
 95650 | Zot:5    | Lost mutation: Your flesh is heat resistant. (rF+) [potion
                  | of mutation]
 95650 | Zot:5    | Lost mutation: Your body sometimes deteriorates upon taking
                  | damage. [potion of mutation]
 95650 | Zot:5    | Gained mutation: You have a pair of horns on your head.
                  | [potion of mutation]
 95650 | Zot:5    | Gained mutation: You are occasionally teleported next to
                  | monsters. [potion of mutation]
 95650 | Zot:5    | Gained mutation: Your tail ends in a venomous barb. [potion
                  | of mutation]
 95651 | Zot:5    | Lost mutation: You do not regenerate when monsters are
                  | visible. [potion of mutation]
 95651 | Zot:5    | Lost mutation: You have a pair of horns on your head.
                  | [potion of mutation]
 95651 | Zot:5    | Lost mutation: Your magical capacity is low. (-10% MP)
                  | [potion of mutation]
 95651 | Zot:5    | Gained mutation: Your spells are harder to cast, but more
                  | powerful. [potion of mutation]
 95651 | Zot:5    | Gained mutation: You are frail. (-10% HP) [potion of
                  | mutation]
 95651 | Zot:5    | Gained mutation: You possess an exceptional clarity of
                  | mind. [potion of mutation]
 95652 | Zot:5    | Lost mutation: You possess an exceptional clarity of mind.
                  | [potion of mutation]
 95652 | Zot:5    | Lost mutation: Your tail ends in a venomous barb. [potion
                  | of mutation]
 95652 | Zot:5    | Lost mutation: Your spells are harder to cast, but more
                  | powerful. [potion of mutation]
 95652 | Zot:5    | Gained mutation: You expend magic power (3 MP) to
                  | strengthen your wands. [potion of mutation]
 95652 | Zot:5    | Lost mutation: You expend magic power (3 MP) to strengthen
                  | your wands. [potion of mutation]
 95652 | Zot:5    | Gained mutation: You have very sharp teeth. [potion of
                  | mutation]
 95653 | Zot:5    | Lost mutation: Your spells are a little harder to cast, but
                  | a little more powerful. [potion of mutation]
 95653 | Zot:5    | Lost mutation: You have very sharp teeth. [potion of
                  | mutation]
 95653 | Zot:5    | Gained mutation: Your spells are a little harder to cast,
                  | but a little more powerful. [potion of mutation]
 95654 | Zot:5    | Lost mutation: You are occasionally teleported next to
                  | monsters. [potion of mutation]
 95654 | Zot:5    | Lost mutation: You have a pair of small horns on your head.
                  | [potion of mutation]
 95654 | Zot:5    | Lost mutation: You are frail. (-10% HP) [potion of
                  | mutation]
 95654 | Zot:5    | Gained mutation: You have a pair of small horns on your
                  | head. [potion of mutation]
 95654 | Zot:5    | Gained mutation: You possess an exceptional clarity of
                  | mind. [potion of mutation]
 95654 | Zot:5    | Gained mutation: You are agile. (Dex +2) [potion of
                  | mutation]
 95763 | Zot:5    | Reached skill level 10 in Dodging
 95763 | Zot:5    | Reached skill level 15 in Translocations
 95838 | Zot:5    | Noticed an orb of fire
 95857 | Zot:5    | Killed an orb of fire
 95859 | Zot:5    | Noticed an orb of fire
 95863 | Zot:5    | Noticed an orb of fire
 95868 | Zot:5    | Noticed a dread lich
 95879 | Zot:5    | Killed a dread lich
 95879 | Zot:5    | Gained mutation: You do not regenerate when monsters are
                  | visible. [an orb of fire]
 95880 | Zot:5    | Killed an orb of fire
 95880 | Zot:5    | Killed an orb of fire
 96514 | Zot:5    | Lost mutation: Your spells are a little harder to cast, but
                  | a little more powerful. [potion of mutation]
 96514 | Zot:5    | Lost mutation: You do not regenerate when monsters are
                  | visible. [potion of mutation]
 96514 | Zot:5    | Lost mutation: You have a pair of small horns on your head.
                  | [potion of mutation]
 96514 | Zot:5    | Gained mutation: You are dopey. (Int -2) [potion of
                  | mutation]
 96514 | Zot:5    | Gained mutation: You are frail. (-10% HP) [potion of
                  | mutation]
 96514 | Zot:5    | Gained mutation: You are resistant to electric shocks.
                  | (rElec) [potion of mutation]
 96515 | Zot:5    | Lost mutation: You are resistant to electric shocks.
                  | (rElec) [potion of mutation]
 96515 | Zot:5    | Lost mutation: You are frail. (-10% HP) [potion of
                  | mutation]
 96515 | Zot:5    | Lost mutation: You are dopey. (Int -2) [potion of mutation]
 96515 | Zot:5    | Gained mutation: Your muscles are strong. (Str +2) [potion
                  | of mutation]
 96515 | Zot:5    | Gained mutation: You have large cloven feet. [potion of
                  | mutation]
 96515 | Zot:5    | Gained mutation: You have a pair of small antennae on your
                  | head. [potion of mutation]
 96530 | Zot:5    | Got the Orb of Zot
 96636 | Zot:1    | Noticed Ralicity the pandemonium lord
 96985 | D:$      | Escaped with the Orb!

Illustrated notes .................#8##...## #..##...#######.###'...9.+# #..#.....# #.#$#.......# ...##...## #.##'.......+ ##.###.## #)##....8....# ...# #.# #.##+.......+# #### #.# #.# #.......# # ##+## #.###+.....'# # ##...## #.@# ##+.'##( ##.....## ##.### ## ##.......## ##...##### ##.........####......... .'.........'............ ##.........####...###### ##.......## ##.## ##.....## #.# ##...## #.# Turn 6615 on D:7: -2hw -blink ♣♣♣♣♣≈...≈≈≈..≈♣♣ ♣♣.....≈.≈≈≈≈.≈≈♣♣♣ .♣.≈......≈≈≈..≈≈.♣ .♣♣♣♣.....≈≈...≈≈≈♣ ≈♣ ♣♣≈......≈≈..≈♣ ♣♣ ♣♣......≈≈..♣♣ ♣♣....≈♣≈...♣♣ ♣♣≈≈≈.♣♣♣≈.≈.≈♣ ♣.≈≈.≈♣ ♣♣..@Z♣ ♣♣♣≈♣♣♣ ♣♣♣♣♣♣ ♣♣♣ Turn 41940 on Swamp:3: +7 # # .#. #### ..## .... #..##.. #...## #@..# ##.^..# #...# ..## #.. ... #.# #. Turn 44017 on Spider:2: 8ac

*,,,,,,,*,,,,,,
#####****######****,,,,,,,*******
..'.#,,,,#..#.#,,,*,,,,,,,,,,,*,,
..#.#,,,,#..#.+,,,*,,,,,,,,,,,*,,
###.#,,,,#'##.#####,,,*********,,
#...##+###....#...#,,,*,,,,,,,*,,
#..........)..'...+,,,*,≈≈,≈≈,+,,
#####........##)###,,,*,≈≈,≈≈,*,,
'...#.##+#####)Z@.#,,,*,,,,>,,',,
#...#.#,,,*,,+.Z..#,,,*,≈≈,≈≈,',,
#...#.#,,,*,,#....#,,,*,≈≈,≈≈,*,,
#######******######,,,*,,,,,,,**'
*,,,*+*******,, *,,,,,,,,,,,,,,
*,,,,,,,,,,,,,,
*******************,,,,,,,,,,,,,,
,,,,,,,,,,,,,,,,,,,,,,,,,,,,,,,,,


Turn 49705 on Vaults:1: +8ac #######+# #.......# #.......# #....[Z.# #....@[.#
#...Z[..# #.......# #.......# #.......# +.......# #..!....# #.......# Turn 54999
on Vaults:3: 13 +8

Levels and vault maps discovered:
D:1:      minmay_arrival_checkered_box, layout_basic,
          ebering_ecumenical_altar_webs
D:2:      layout_basic, serial_shops, shop, shop_coins, shop,
          nicolae_shop_advertising_works [nicolae_subvault_shop_adworks],
          uniq_natasha
D:3:      layout_loops_corners, amcnicky_altar_gilded,
          gammafunk_ghost_mausoleum, uniq_crazy_yiuf_cottage
D:4:      layout_cave_pools, st_stairs_10, uniq_pikel, uniq_robin,
          uniq_eustachio
D:5:      layout_cave_pools, grunt_gozag_breadcrumbs,
          cheibrodos_sewer_entry_drain, serial_shops, shop,
          minmay_misc_feat_cross, kennysheep_generic_room_4
D:6:      layout_rooms, minmay_temple_entry_large_hall, serial_shops,
          nicolae_diamond_shop, uniq_grinder
D:7:      cheibrodos_statue_roulette, layout_loops_corners,
          mainiacjoe_overflow_catwalk, cheibrodos_ashenzari_chains,
          overflow_temple_1_default, minmay_misc_feat_pillars, uniq_maggie
D:8:      statuecave_lemuel, layout_basic, mainiacjoe_overflow_catch_the_wave,
          grunt_temple_overflow_open, serial_shops, shop, grunt_decor_fettered,
          uniq_erica
D:9:      layout_loops_corners
D:10:     kb_forest_paths, layout_basic, nicolae_overflow_crystal_walls,
          serial_bayou, serial_bayou_pond_d, serial_bayou_shore_b,
          serial_bayou_crossing, grunt_ministairs_2, dk_vineyard_2
D:11:     layout_gridville, lair_entry_dummy, zombieorc1_lemuel,
          minmay_statue_bubble
D:12:     layout_loops_cross, maelrawn_ghost_gauntlet_escape,
          minmay_fractal_squares_gapless_7, uniq_frances
D:13:     slaughterhouse, layout_loops_ring, st_stairs_8
D:14:     layout_long_grid, david_vaults_3, drop_trap, uniq_josephine
D:15:     gammafunk_depths_entry_grave, layout_gridville,
          grunt_decor_resistance, kennysheep_two_boxes
Temple:   nicolae_temple_x_marks_the_god
Lair:1:   layout_layer_cave, chequers_serial_rivers_small_3,
          cheibrodos_lair_reptile_den, serial_bayou_shore_b, grunt_megastairs_3,
          uniq_amaemon
Lair:2:   gammafunk_boulding_lane, layout_cave_pods, minivault_26, uniq_sonja,
          uniq_nergalle
Lair:3:   nzn_winding_woodlands_stair_trap [nzn_winding_woodlands_5x15_default,
          nzn_winding_woodlands_5x15_zeroes,
          nzn_winding_woodlands_5x15_lazy_stream,
          nzn_winding_woodlands_15x15_thick_spiral,
          nzn_winding_woodlands_5x15_split_checker,
          nzn_winding_woodlands_5x15_twine, nzn_winding_woodlands_5x15_pockets],
          layout_loops_ring, minmay_swamp_entry_eels, spider_nest_entry_webs,
          minivault_26, minmay_hedge_maze, beast_lair_carwin_6
Lair:4:   layout_roguey, nicolae_lair_lil_pond, guppyfry_lair_drakes
Lair:5:   layout_loops_ring, basic_altar
Lair:6:   hellmonk_lair_end_abyssal_woods, layout_cave_shapes,
          dpeg_slime_entry_enclosed_altar, nzn_ghost_randoct, uniq_urug
Swamp:1:  layout_falls_marsh, nicolae_swamp_dense_foliage,
          infiniplex_staircase_pool_2, uniq_jorgrun
Swamp:2:  layout_falls_marsh, hangedman_swamp_ruin_wall, swamp_pool1
Swamp:3:  layout_basic_swamp, hangedman_swamp_lotus
Swamp:4:  grunt_swamp_rune_castle, layout_basic_swamp,
          infiniplex_staircase_pool, uniq_bai_suzhen, uniq_aizul
Spider:1: layout_spider_delve, special_room [special_room_bee]
Spider:2: layout_spider_delve, hangedman_spider_tarantella_strand,
          nicolae_spider_cling_halls, uniq_agnes
Spider:3: layout_spider_delve
Spider:4: guppyfry_spider_rune, drop_trap
Slime:1:  layout_caves
Slime:2:  layout_caves
Slime:3:  layout_caves
Slime:4:  layout_caves
Slime:5
Orc:1:    layout_diamond_mine
Orc:2:    st_orc_elflike, layout_caves, serial_shops, shop, nicolae_square_shop,
          shop, nicolae_shop_hallway_stairs, shop
Elf:1:    layout_geoelf_octagon, basic_altar, minmay_elf_necromancy,
          uniq_donald, uniq_asterion
Elf:2:    nicolae_elf_blades_crystal_corner, layout_geoelf_diagonals,
          minivault_16, uniq_nikola, uniq_saint_roka
Elf:3:    elf_hall, layout_gridlike, serial_shops, shop_fountains,
          nicolae_elf_double_double_double_trouble
Vaults:1: portal_desolation_entry_garden, ontoclasm_vaults_bender,
          vaults_standard_mumra_lines, v_rooms_2, vaults_room_fours,
          vaults_dpeg_diagonal, vaults_mumra_hex, layout_vaults_omnigrid,
          uniq_zenata
Vaults:2: grunt_vaults_hallway_short, v_rooms_4, ontoclasm_vaults_fault,
          ontoclasm_vaults_twist, v_misc_10, vaults_room_fours,
          nicolae_vaults_asterisk, nicolae_vaults_big_angled_halls,
          grunt_vaults_swirl, nicolae_vaults_shelves_hall,
          grunt_vaults_hallway_long, layout_vaults_omnibox
Vaults:3: minmay_crypt_entry_necro_gods, v_rooms_1, hangedman_vaults_pinch,
          hangedman_vaults_restitches, v_misc_16, v_pattern_3,
          vaults_mumra_hexcomb, v_misc_2, vaults_dpeg_hooks,
          nicolae_vaults_theta, ontoclasm_vaults_idyll,
          ontoclasm_vaults_gateway, layout_vaults_maze
Vaults:4: hangedman_vaults_impose, nicolae_vaults_network_s,
          nicolae_vaults_lopsided_apartments, vaults_room_pool,
          ontoclasm_vaults_ring_small, ontoclasm_vaults_chip,
          ontoclasm_vaults_misaligned, ontoclasm_vaults_eye,
          layout_vaults_chaotic_city, serial_shops, shop
Vaults:5: serial_shops, uniq_margery
Depths:1: layout_basic, serial_shops, shop, abyss_entry,
          gammafunk_ghost_abyssal_escape, hell_entry, fedhas_altar_2
Depths:2: gammafunk_jiyva_shrine, layout_gridlike, enter_trove_0, abyss_entry,
          grunt_pan_entry_sceptre, chequers_serial_rivers_large_b, hell_entry,
          kennysheep_generic_room_9, infiniplex_staircase_zigzag_4,
          uniq_josephina
Depths:3: little_maze_vault, layout_basic, enter_ziggurat_b, abyss_entry,
          hell_entry, minivault_14, nicolae_good_shop, minmay_shop_star,
          uniq_jory, uniq_mara
Depths:4: grunt_zot_entry_funnels, layout_long_grid,
          hangedman_decor_diamond_cutter, hell_entry, hangedman_decor_lopped,
          nrook_mini_vaults
Zot:1:    kennysheep_bubbly, layout_misc_corridors, door_vault
Zot:2:    layout_misc_corridors, st_stairs_4, zot_minivault_5
Zot:3:    layout_onion_interference
Zot:4:    layout_twisted_circle
Zot:5:    layout_basic

Skill      XL: |  1  2  3  4  5  6  7  8  9 10 11 12 13 14 15 16 17 18 19 20 21 22 23 24 25 26 27 |
---------------+----------------------------------------------------------------------------------+-----
Stealth        | 1 2 |  2.0
Fighting       | 3 4 5 6 7 10 11 14 16 17 18 20 21 22 23 27 | 27.0
Maces & Flails | 3 4 8 10 12 16 | 16.0
Translocations | 4 6 7 8 10 12 13 14 15 | 15.7
Spellcasting   | 3 4 5 7 10 12 15 16 18 19 20 21 23 24 27 | 27.0
Evocations     | 3 6 7 8 10 12 14 15 16 | 16.9
Invocations    | 8 12 15 16 17 19 20 21 23 27 | 27.0
Ice Magic      | 5 6 7 8 |  8.0
Dodging        | 3 4 5 7 8 11 | 11.0
Throwing       | |  0.8

Action                   |  1- 3 |  4- 6 |  7- 9 | 10-12 | 13-15 | 16-18 | 19-21 | 22-24 | 25-27 || total
-------------------------+-------+-------+-------+-------+-------+-------+-------+-------+-------++-------
Melee: Mace              |   100 |       |       |       |       |       |       |       |       ||   100
       Tailslap          |     8 |    14 |    51 |   116 |    69 |   127 |   102 |    26 |   192 ||   705
       Whip              |       |   132 |   424 |   546 |       |       |       |       |       ||  1102
       Punch             |       |     1 |    12 |    10 |     7 |     8 |     5 |     5 |    23 ||    71
       Flail             |       |       |       |     9 |       |       |       |       |       ||     9
       Demon whip        |       |       |       |   144 |   747 |  1450 |  2022 |   423 |   435 ||  5221
       Eveningstar       |       |       |       |       |       |       |     6 |   514 |  2541 ||  3061
       Headbutt          |       |       |       |       |       |       |       |       |   156 ||   156
 Fire: Hunting sling     |    17 |    13 |       |       |       |       |       |       |       ||    30
Throw: Boomerang         |     7 |     4 |    29 |       |       |       |       |       |       ||    40
       Throwing net      |     2 |       |     4 |     5 |       |       |       |     1 |     3 ||    15
       Dart              |       |     8 |    18 |     3 |       |     5 |     1 |       |       ||    35
 Cast: Gell's Gravitas   |       |     4 |    67 |    26 |       |     3 |       |       |     1 ||   101
       Teleport Other    |       |     3 |     7 |     8 |       |       |       |       |       ||    18
       Blink             |       |       |     2 |     5 |     1 |     4 |     8 |     8 |     7 ||    35
       Lesser Beckoning  |       |       |     2 |       |       |       |       |       |       ||     2
       Manifold Assault  |       |       |       |    34 |   199 |   411 |   714 |   373 |  1217 ||  2948
       Ozocubu's Armour  |       |       |       |       |     8 |    32 |    23 |     6 |    25 ||    94
       Dispersal         |       |       |       |       |       |       |     8 |     2 |     8 ||    18
       Swiftness         |       |       |       |       |       |       |       |       |     1 ||     1
       Passwall          |       |       |       |       |       |       |       |       |     1 ||     1
Invok: Recall Undead Har |       |       |       |     2 |     2 |    19 |     7 |     2 |    10 ||    42
       Dark Bargain      |       |       |       |     6 |    29 |    28 |    23 |     2 |    34 ||   122
       Drain Life        |       |       |       |       |     1 |     2 |     1 |     1 |       ||     5
       Bind Soul         |       |       |       |       |       |     1 |     2 |       |     3 ||     6
 Abil: Breathe Dispellin |       |       |    34 |    17 |     1 |       |     1 |     2 |    13 ||    68
Evoke: Wand              |       |       |     8 |     9 |     1 |    16 |    11 |       |     7 ||    52
       Phantom mirror    |       |       |       |       |       |     4 |     7 |       |     5 ||    16
       Phial of floods   |       |       |       |       |       |     2 |     3 |       |     1 ||     6
       Lightning rod     |       |       |       |       |       |       |     1 |       |       ||     1
       Box of beasts     |       |       |       |       |       |       |     1 |       |     2 ||     3
       Tin of tremorston |       |       |       |       |       |       |       |     2 |     3 ||     5
       Condenser vane    |       |       |       |       |       |       |       |       |     7 ||     7
  Use: Scroll            |     2 |     4 |     7 |    17 |    10 |    15 |    15 |     1 |    21 ||    92
       Potion            |     1 |     2 |     4 |     4 |     1 |    11 |     9 |     4 |    64 ||   100
 Stab: Sleeping          |     2 |     3 |     1 |     2 |     6 |     4 |     1 |       |     1 ||    20
       Distracted        |       |       |     1 |     4 |     5 |     5 |     5 |       |    20 ||    40
       Held in net/web   |       |       |       |     2 |       |       |       |       |       ||     2
       Paralysed         |       |       |       |       |     1 |     1 |     1 |       |       ||     3
       Petrified         |       |       |       |       |       |     5 |       |       |       ||     5
Armor: Skin              |    25 |    48 |   264 |   202 |   117 |   288 |   235 |   116 |   597 ||  1892
Dodge: Dodged            |    58 |    56 |   379 |   236 |   106 |   260 |   290 |   118 |   571 ||  2074

Table legend: (Time is in decaauts)
 A = Elapsed time spent in this place.
 B = Non-inter-level travel time spent in this place.
 C = Inter-level travel time spent in this place.
 D = Time resting spent in this place.
 E = Time spent auto-exploring this place.
 F = Levels seen in this place.
 G = Mean time per level.
                   A        B        C        D        E       F      G
               +--------+--------+--------+--------+--------+-----+--------+
         Total |  94714 |  87807 |   6907 |   9495 |  63213 |  65 | 1457.1 |
       Dungeon |  27497 |  23823 |   3674 |   2916 |  16327 |  15 | 1833.1 |
        Temple |     71 |     71 |      0 |      0 |     46 |   1 |   71.0 |
          Lair |   9525 |   8662 |    863 |    352 |   6634 |   6 | 1587.5 |
         Swamp |   5355 |   5173 |    182 |   1613 |   2602 |   4 | 1338.8 |
   Spider Nest |   5233 |   5092 |    141 |     95 |   4161 |   4 | 1308.2 |
    Slime Pits |   1801 |   1717 |     84 |    733 |    655 |   5 |  360.2 |
  Orcish Mines |   1518 |   1290 |    228 |      0 |   1059 |   2 |  759.0 |
   Elven Halls |   6705 |   6494 |    211 |    174 |   5379 |   3 | 2235.0 |
        Vaults |  10786 |  10017 |    769 |    308 |   7995 |   5 | 2157.2 |
        Depths |  10682 |  10192 |    490 |   1156 |   7890 |   4 | 2670.5 |
           Zot |  11078 |  10818 |    260 |   1854 |   7475 |   5 | 2215.6 |
      Ziggurat |   1237 |   1237 |      0 |    236 |    579 |   8 |  154.6 |
         Trove |    138 |    138 |      0 |      0 |    116 |   1 |  138.0 |
         Sewer |   1174 |   1174 |      0 |      0 |    878 |   1 | 1174.0 |
    Desolation |   1907 |   1907 |      0 |     56 |   1413 |   1 | 1907.0 |
               +--------+--------+--------+--------+--------+-----+--------+

Top non-repeatable levels by time:
Depths:3: 4550 daAuts
   Zot:2: 4174 daAuts
    D:11: 3735 daAuts
     D:2: 3201 daAuts
     D:7: 3078 daAuts
   Elf:3: 3038 daAuts
   Zot:5: 2998 daAuts
Depths:2: 2865 daAuts
Vaults:5: 2644 daAuts
 Swamp:3: 2431 daAuts
  Lair:2: 2259 daAuts
Depths:4: 2241 daAuts
Vaults:4: 2228 daAuts
  Lair:1: 2194 daAuts
Vaults:3: 2188 daAuts
